 Dungeon Crawl Stone Soup version 0.29-a0-266-gf56f883ddd (webtiles) character file.

Game seed: 5820942336088764389

713 spaghetti the Chucker (level 7, 0/56 HPs)
             Began as a Demonspawn Chaos Knight on Mar 7, 2022.
             Was a Plaything of Xom.
             Slain by an orc
             ... wielding a +0 war axe
              (7 damage)
             ... on level 5 of the Dungeon.
             The game lasted 00:08:32 (5166 turns).

spaghetti the Chucker (Demonspawn Chaos Knight)     Turns: 5166, Time: 00:08:33

Health: 0/56       AC:  7    Str: 18 (19) XL:     7   Next: 41%
Magic:  7/7        EV: 10    Int: 11 (13) God:    Xom [..*...]
Gold:   234        SH:  3    Dex: 12      Spells: 6/6 levels left

rFire   . . .      SeeInvis .   a - +1 whip (chaos) {mace}
rCold   . . .      Faith    .   r - +0 buckler of the Sacrificial Victim {rPois rN+ Str+4}
rNeg    + . .      Spirit   .   f - +2 leather armour
rPois   +          Reflect  .   (no helmet)
rElec   .          Harm     .   i - +0 cloak
rCorr   .          Rampage  .   (no gloves)
Will    +....                   g - +0 pair of boots
Stlth   +.........              (no amulet)
HPRegen 0.18/turn               t - ring of wizardry
MPRegen 0.10/turn               (no ring)

@: no status effects
A: hooves 2, powered by pain 1, strong-willed 1
a: Renounce Religion


You were on level 5 of the Dungeon.
You worshipped Xom.
You were a toy of Xom.
You visited 1 branch of the dungeon, and saw 5 of its levels.

You collected 234 gold pieces.


Innate Abilities, Weirdness & Mutations

You have hoof-like feet.
You sometimes gain a little power by taking damage.
You are strong-willed. (Will+)


   Skills:
 - Level 5.3 Fighting
 + Level 6.1 Throwing
 - Level 1.7 Armour
 - Level 0.8 Dodging
 - Level 2.6 Unarmed Combat


You had 6 spell levels left.
You didn't know any spells.
Your spell library contained the following spells:

 Spells                   Type           Power      Damage    Failure   Level
 Foxfire                  Conj/Fire      0%         2x1d4     24%         1
 Conjure Flame            Conj/Fire      0%         6-21      54%         3
 Inner Flame              Hex/Fire       0%         N/A       54%         3
 Flame Wave               Conj/Fire      0%         2d4       90%         4

Inventory:

Hand Weapons
 a - a +1 whip of chaos (weapon) {mace}
   (You took it off a kobold on level 1 of the Dungeon)
 d - a +1 spear of flaming {polearm}
   (You took it off a gnoll sergeant on level 5 of the Dungeon)
Missiles
 c - 119 stones (quivered) {throwing}
 h - 3 poisoned darts {throwing}
 j - 5 javelins {throwing}
 p - 6 boomerangs {throwing}
Armour
 f - a +2 leather armour (worn)
 g - a +0 pair of boots (worn)
   (You found it on level 5 of the Dungeon)
 i - a +0 cloak (worn)
   (You found it on level 2 of the Dungeon)
 q - an orb of mayhem
   (You found it on level 3 of the Dungeon)
 r - the +0 buckler of the Sacrificial Victim (worn) {rPois rN+ Str+4}
   (Xom gifted it to you on level 5 of the Dungeon)

   Str:       It affects your strength (+4).
   rPois:     It protects you from poison.
   rN:        It protects you from negative energy.
Jewellery
 k - a ring of positive energy
   (You found it on level 2 of the Dungeon)
 t - a ring of wizardry (left hand)
   (You found it on level 4 of the Dungeon)
 w - a ring of protection from fire
   (You took it off a centaur on level 5 of the Dungeon)
Scrolls
 n - a scroll of magic mapping {!r}
 u - 2 scrolls of identify {@r1}
Potions
 e - a potion of flight
 m - a potion of mutation {!q}
Miscellaneous
 b - a piece from Xom's chessboard (15/15)

Dungeon Overview and Level Annotations

Branches:
Dungeon (5/15)
 Temple: D:4-7

Altars:
Qazlal
Uskayaw
Xom

Shops:
D:2 *

Annotations:
D:4 3 runed translucent doors, dolemite99's ghost, amateur GnAE

#####.# .. . ##
.....###.## . ..
.#....#.. # #. .......#
.# . #.###.##.#o#...##
##.....#..ohho....
#.........#.......
#.#...##s####..###
#.#.....oo@.......
.######.#...##.########.
........##.###.#
#...))..# #.# #.#######
#.# #.# #.#
#.#########..
#......>.### #
#..#####.# #


You could see a scorpion and 2 orcs.


Message History

You are too injured to fight recklessly!
You barely miss the orc. The orc hits you with a +0 hand axe.
The orc closely misses you. 😮 HP[-2]
You take 2 damage, and now have 36/56 hp.
You hit the orc.
The orc seems to speed up.
The orc hits you but does no damage. The orc barely misses you.
The orc closely misses you.
You hit the orc but do no damage. The orc barely misses you. x2
Unknown command.
The orc attacks as you move away! The orc hits you with a +0 hand axe.
You kill the orc! x2
The orc closely misses you. 😮 HP[-1]
You take 1 damage, and now have 35/56 hp. 😮 HP[+1]
You barely miss the orc. The orc hits you but does no damage.
The orc closely misses you.
You hit the orc but do no damage. The orc barely misses you.
You swing at nothing.
The orc barely misses you.
The hound pauses to sniff the ground.
The orc closely misses you. The orc attacks as you move away!
The orc closely misses you.
The orc hits you with a +0 flail of holy wrath.
You convulse. 😮 HP[-6]
You take 6 damage, and now have 30/56 hp.
Unknown command.
Unknown command.
You closely miss the orc.
The orc hits you with a +0 flail of holy wrath.
You convulse.
* * * LOW HITPOINT WARNING * * *
The orc misses you. 😨 HP[-4]
You take 4 damage, and now have 26/56 hp.
Unknown command.
Okay, then.
You hit the orc.
Space warps around the orc.
You kill the orc!
The hound barely misses you.
You barely miss the hound. The hound misses you. x2
You hit the hound.
The hound bites you but does no damage. x2
You hit the hound. The hound bites you.
* * * LOW HITPOINT WARNING * * *
😨 HP[-2]
You take 2 damage, and now have 24/56 hp.
You whack the hound! "Let's try an experiment, hmmm?"
A monocle briefly appears over your right eye.
You block the hound's attack.
The hound bites you but does no damage. 😨 HP[+1]
You barely miss the hound. The hound misses you. The hound bites you.
* * * LOW HITPOINT WARNING * * *
😨 HP[-2]
You take 2 damage, and now have 23/56 hp.
You completely miss the hound. The hound bites you but does no damage.
You barely miss the hound. The hound barely misses you.
The hound closely misses you.
You closely miss the hound. The hound bites you.
* * * LOW HITPOINT WARNING * * *
The hound barely misses you. 😨 HP[-3]
You take 3 damage, and now have 20/56 hp.
You closely miss the hound. The hound bites you.
* * * LOW HITPOINT WARNING * * *
😨 HP[-2]
You take 2 damage, and now have 18/56 hp.
You closely miss the hound. The hound bites you.
* * * LOW HITPOINT WARNING * * *
The hound stops to sniff the ground.
The hound bites you.
* * * LOW HITPOINT WARNING * * *
😱 HP[-5]
You take 5 damage, and now have 13/56 hp.
Okay, then.
You hit the hound.
You kill the hound!
The hound bites you.
* * * LOW HITPOINT WARNING * * *
Your Throwing skill increases to level 6! 😱 HP[-3]
You take 3 damage, and now have 10/56 hp.
You barely miss the hound. The hound misses you.
You miss the hound.
The hound barely misses you. x2 😱 HP[+1]
You hit the hound. You drain the hound.
The hound bites you but does no damage. x2
You barely miss the hound. You block the hound's attack. The hound bites you.
* * * LOW HITPOINT WARNING * * *
😱 HP[-1]
You take 1 damage, and now have 10/56 hp.
You hit the hound. You freeze the hound. You block the hound's attack.
You hit the hound.
You kill the hound!
You barely miss the orc. The orc hits you with a +0 war axe.
* * * LOW HITPOINT WARNING * * *
The orc hits you with a +0 war axe!
You die...
Xom guffaws!

Skill      XL: |  1  2  3  4  5  6  7 |
---------------+----------------------+-----
Fighting       | 4 5 |  5.3
Throwing       | 2 3 5 6 |  6.1
Armour         | |  1.7
Dodging        | |  0.8
Unarmed Combat | |  2.6

Action                   |  1- 3 |  4- 6 |  7- 9 || total
-------------------------+-------+-------+-------++-------
Melee: Unarmed           |    56 |       |       ||    56
       Whip              |    83 |    61 |    53 ||   197
       Kick              |    26 |    32 |     2 ||    60
       Punch             |     1 |       |       ||     1
       Spear             |       |    85 |       ||    85
Throw: Javelin           |       |     7 |       ||     7
       Stone             |       |     6 |       ||     6
Evoke: Wand              |       |     7 |       ||     7
  Use: Potion            |     3 |     5 |       ||     8
       Scroll            |     1 |     4 |       ||     5
Armor: Leather armour    |    55 |    53 |    21 ||   129
Dodge: Dodged            |    70 |    75 |    40 ||   185
Block: Buckler           |       |    13 |     6 ||    19

Levels and vault maps discovered:
D:1:      dpeg_arrival_three_same_balls, layout_basic, serial_shops, shop,
          ebering_ecumenical_altar_mist, wander_ebering_terrifying_dragon_lair
D:2:      layout_basic, serial_shops, nicolae_shop_crystal
D:3:      layout_loops_ring, mainiacjoe_overflow_boulevard
D:4:      layout_basic, mainiacjoe_overflow_paths, nicolae_uskayaw_en_pointe,
          biasface_ghost_orc_armoury, cheibrodos_sewer_entry_sluice,
          enter_ossuary_5, lemuel_another_geyser
D:5:      layout_loops_ring

Notes
Turn   | Place    | Note
-------+----------+-------------------------------------------
     0 | D:1      | spaghetti the Demonspawn Chaos Knight began the quest for
                  | the Orb.
     0 | D:1      | Reached XP level 1. HP: 18/18 MP: 1/1
     0 | D:1      | magus.rc [v1.9.6]
    42 | D:1      | Found a faded altar of an unknown god.
   106 | D:1      | XOM: divination: detect items
   250 | D:1      | Gained mutation: You have large cloven feet. [demonic
                  | ancestry]
   250 | D:1      | Reached XP level 2. HP: 22/24 MP: 2/2
   323 | D:1      | XOM: 1-stop teleportation journey
   495 | D:1      | XOM: silly message
   566 | D:1      | Found Kooppy's Antique Weapon Boutique.
   614 | D:1      | Reached skill level 4 in Fighting
   676 | D:1      | XOM: silly message
   956 | D:1      | Gained mutation: You sometimes gain a little power by
                  | taking damage. [demonic ancestry]
   956 | D:1      | Reached XP level 3. HP: 27/30 MP: 3/3
   967 | D:1      | XOM: silly message
  1142 | D:1      | You pick up a book of Flames and begin reading...
  1142 | D:1      | You add the spells Foxfire, Conjure Flame, Inner Flame and
                  | Flame Wave to your library.
  1735 | D:2      | Found Ytuypol's Assorted Antiques.
  2116 | D:2      | XOM: divination: magic mapping
  2353 | D:3      | Reached skill level 5 in Fighting
  2353 | D:3      | Gained mutation: You have hoof-like feet. [demonic
                  | ancestry]
  2353 | D:3      | Reached XP level 4. HP: 39/39 MP: 4/4
  2829 | D:3      | XOM: divination: magic mapping
  2935 | D:3      | Found a stormy altar of Qazlal.
  3141 | D:4      | Found a runed translucent gate.
  3141 | D:4      | Identified the +0 leather armour of Discretion {Str+4}
  3141 | D:4      | Noticed dolemite99's ghost (amateur GnAE)
  3142 | D:4      | Found a runed translucent gate.
  3144 | D:4      | Found a runed translucent gate.
  3146 | D:4      | Noticed an orc warrior
  3185 | D:5      | Entered Level 5 of the Dungeon
  3188 | D:5      | Noticed a gnoll sergeant
  3191 | D:5      | Killed a gnoll sergeant
  3192 | D:5      | Reached skill level 2 in Throwing
  3192 | D:5      | Reached XP level 5. HP: 37/44 MP: 5/5
  3258 | D:5      | HP: 9/44 [gnoll/+0 whip (6)]
  3260 | D:5      | Reached skill level 3 in Throwing
  3278 | D:5      | XOM: god gift: pitted buckler {god gift}
  3278 | D:5      | Identified the +0 buckler of the Sacrificial Victim {rPois
                  | rN+ Str+4} (Xom gifted it to you on level 5 of the Dungeon)
  3345 | D:5      | Noticed a centaur
  3354 | D:4      | HP: 15/66 [gnoll/+0 halberd (4)]
  3715 | D:4      | Noticed a +0 dagger
  3735 | D:4      | Reached XP level 6. HP: 42/51 MP: 6/6
  3834 | D:4      | Noticed a +0 spear
  3834 | D:4      | Noticed a +0 dagger
  3842 | D:4      | Noticed a +0 falchion
  3842 | D:4      | Noticed a +0 short sword
  3843 | D:4      | Noticed a +0 short sword
  3843 | D:4      | Noticed a +0 falchion
  3844 | D:4      | Noticed a +0 spear
  3847 | D:4      | Found a hide-covered altar of Uskayaw.
  3937 | D:4      | XOM: potion effect (heal wounds)
  3978 | D:4      | Reached skill level 4 in Throwing
  4237 | D:4      | Found a shimmering altar of Xom.
  4632 | D:5      | Noticed a sky beast
  4644 | D:5      | HP: 9/51 [something (4)]
  4644 | D:5      | HP: 4/51 [something (5)]
  4646 | D:5      | XOM: divination: detect creatures
  4647 | D:5      | Gained mutation: You are strong-willed. (Will+) [potion of
                  | mutation]
  4659 | D:5      | Killed a sky beast
  4660 | D:5      | Reached skill level 5 in Throwing
  4660 | D:5      | Reached XP level 7. HP: 7/56 MP: 7/7
  4896 | D:5      | XOM: divination: detect items
  5088 | D:5      | XOM: potion effect (berserk rage)
  5111 | D:5      | XOM: silly message
  5132 | D:5      | XOM: divination: detect items
  5136 | D:5      | XOM: divination: detect creatures
  5152 | D:5      | XOM: silly message
  5158 | D:5      | HP: 13/56 [hound (3)]
  5160 | D:5      | Reached skill level 6 in Throwing
  5163 | D:5      | HP: 10/56 [hound (1)]
  5166 | D:5      | Slain by an orc

Vanquished Creatures
  A sky beast (D:5)
  A centaur (D:5)
  A gnoll sergeant (D:5)
  2 orc priests
  4 hounds
  A jelly (D:5)
  2 orc wizards
  8 gnolls
  4 adders
  A shadow imp (D:5)
  A white imp (D:5)
  2 worms
  5 dart slugs
  14 orcs
  3 ball pythons
  6 bats
  5 endoplasms
  4 giant cockroaches
  8 goblins
  5 hobgoblins
  2 quokkas
  3 frilled lizards
  9 kobolds
  2 rats (D:1)
94 creatures vanquished.

Table legend:
 A = Non-vault XP
 B = Vault XP
 C = Vault XP percentage of total XP
 D = Non-vault monster count
 E = Vault monster count
 F = Vault count percentage of total count
                 A         B        C        D         E       F
            +---------+---------+-------+---------+---------+-------
      Total |    1009 |      10 |   1.0 |      90 |       4 |   4.3
            +---------+---------+-------+---------+---------+-------
        D:1 |      45 |       1 |   2.2 |      25 |       1 |   3.8
        D:2 |      41 |       0 |   0.0 |      12 |       0 |   0.0
        D:3 |      42 |       0 |   0.0 |      10 |       0 |   0.0
        D:4 |     212 |       9 |   4.1 |      22 |       3 |  12.0
        D:5 |     669 |       0 |   0.0 |      21 |       0 |   0.0
            +---------+---------+-------+---------+---------+-------

Illustrated notes

Table legend:
 A = Kills in this place as a percentage of kills in entire the game.
 B = Kills by you in this place as a percentage of kills by you in the entire game.
 C = Kills by friends in this place as a percentage of kills by friends in the entire game.
 D = Other kills in this place as a percentage of other kills in the entire game.
 E = Experience gained in this place as a percentage of experience gained in the entire game.
 F = Experience gained in this place divided by the number of levels of this place that you have seen.
                   A       B       C       D       E      F
               +-------+-------+-------+-------+-------+----------------------
         Total | 100.0 | 100.0 |   N/A |   N/A | 100.0 | 203.8
       Dungeon | 100.0 | 100.0 |   N/A |   N/A | 100.0 | 203.8
               +-------+-------+-------+-------+-------+----------------------

Table legend: (Time is in decaauts)
 A = Elapsed time spent in this place.
 B = Non-inter-level travel time spent in this place.
 C = Inter-level travel time spent in this place.
 D = Time resting spent in this place.
 E = Time spent auto-exploring this place.
 F = Levels seen in this place.
 G = Mean time per level.
                   A        B        C        D        E       F      G
               +--------+--------+--------+--------+--------+-----+--------+
         Total |   5198 |   5015 |    183 |    934 |   3311 |   5 | 1039.6 |
       Dungeon |   5198 |   5015 |    183 |    934 |   3311 |   5 | 1039.6 |
               +--------+--------+--------+--------+--------+-----+--------+

Top non-repeatable levels by time:
     D:1: 1520 daAuts
     D:4: 1160 daAuts
     D:5: 920 daAuts
     D:2: 818 daAuts
     D:3: 778 daAuts
